 Dungeon Crawl Stone Soup version 0.27-a0-1189-gb8eb6cee8e (webtiles) character file.

Game seed: 16715594113953528576

3485 Zonian the Sneak (level 9, -5/44 HPs)
             Began as a Spriggan Venom Mage on May 22, 2021.
             Was a Believer of Dithmenos.
             Engulfed by a steam dragon's steam (7 damage)
             ... on level 7 of the Dungeon.
             The game lasted 00:16:54 (9093 turns).

Zonian the Sneak (Spriggan Venom Mage)              Turns: 9093, Time: 00:16:54

Health: -5/44      AC:  2    Str:  5    XL:     9   Next: 79%
Magic:  19/19      EV: 20    Int: 16    God:    Dithmenos [**....]
Gold:   405        SH:  8    Dex: 18    Spells: 17/20 levels left

rFire    . . .     SeeInvis +   f - +5 short sword (drain)
rCold    . . .     Faith    .   m - +1 buckler
rNeg     . . .     Spirit   .   a - +0 robe
rPois    .         Reflect  .   (helmet restricted)
rElec    .         Harm     .   (no cloak)
rCorr    .         Rampage  .   (gloves unavailable)
Will     ++...                  (boots unavailable)
Stlth    +++++.....             (no amulet)
HPRegen  0.14/turn              g - ring of willpower
MPRegen  0.16/turn              h - +4 ring of slaying

@: wreathed by umbra, very quick
A: very small, no large weapons, unfitting armour, see invisible, speed 3
a: Renounce Religion, Shadow Step


You were on level 7 of the Dungeon.
You worshipped Dithmenos.
Dithmenos was pleased with you.
You visited 1 branch of the dungeon, and saw 7 of its levels.

You collected 405 gold pieces.

Inventory:

Hand Weapons
 c - a +0 whip
 d - a +0 dagger
 f - a +5 short sword of draining (weapon)
 i - a +2 whip of venom
 p - a +0 rapier
 w - the +4 trident of Tinuerch {vorpal, rF+}
   (You found it on level 5 of the Dungeon)

   It inflicts extra damage upon your enemies.
   It protects you from fire.
Missiles
 u - 17 sling bullets
 y - 2 throwing nets
Armour
 a - a +0 robe (worn)
 j - a +1 cloak
 m - a +1 buckler (worn)
Jewellery
 b - a ring of wizardry
 g - a ring of willpower (left hand)
 h - a +4 ring of slaying (right hand)
Wands
 o - a wand of flame (21)
 s - a wand of iceblast (2)
Scrolls
 q - a scroll of fear
 z - a scroll of teleportation
 A - a scroll of enchant armour
Potions
 e - a potion of flight
 k - a potion of brilliance {unknown}
 l - 2 potions of attraction
 n - a potion of haste {unknown}
 r - 2 potions of might
 t - 3 potions of curing {unknown}
 v - a potion of degeneration {unknown}
 x - a potion of lignification {unknown}


   Skills:
 + Level 3.2 Fighting
 + Level 4.6 Short Blades
 - Level 0.2 Maces & Flails
 + Level 6.3 Dodging
 + Level 7.6 Stealth
 + Level 2.7 Shields
 + Level 6.1 Spellcasting
 + Level 6.1 Transmutations
 + Level 3.5 Air Magic
 + Level 5.6 Poison Magic
 + Level 4.0 Invocations


You had 17 spell levels left.
You knew the following spells:

 Your Spells              Type           Power      Damage    Failure   Level
a - Sting                 Tmut/Pois      92%        1d7       1%          1
b - Poisonous Vapours     Pois/Air       38%        N/A       4%          2

Your spell library contained the following spells:

 Spells                   Type           Power      Damage    Failure   Level
 Ignite Poison            Fire/Tmut/Pois 17%        N/A       11%         3
 Mephitic Cloud           Conj/Pois/Air  14%        N/A       16%         3
 Olgreb's Toxic Radiance  Pois           23%        N/A       19%         4


Dungeon Overview and Level Annotations

Branches:
Dungeon (7/15)             Temple (0/1) D:6

Altars:
Dithmenos
Kikubaaqudgha
Nemelex Xobeh
Okawaru
Qazlal
Trog
Vehumet
Wu Jian
Xom
The Shining One


Innate Abilities, Weirdness & Mutations

You are very small and have problems with some larger weapons.
You are too small for most types of armour.
You have supernaturally acute eyesight. (SInv)
You cover ground extremely quickly. (Speed+++)


Message History

The white imp is heavily wounded.
The white imp misses you.
Unknown command.
You closely miss the white imp.
The white imp is heavily wounded.
The white imp completely misses you.
You hit the white imp but do no damage.
The white imp is heavily wounded.
The white imp misses you.
You hit the white imp.
The white imp is severely wounded.
The white imp gestures at you. The puff of frost hits you!
You completely miss the white imp.
The white imp is severely wounded.
The white imp gestures at you. The puff of frost hits you!
You puncture the white imp!
You kill the white imp!
Dithmenos accepts your kill.
You hit the hound. You drain the hound.
The hound is heavily wounded.
The hound misses you. You block the hound's attack.
You closely miss the hound.
The hound is heavily wounded.
You block the hound's attack.
You hit the hound.
The hound is severely wounded.
The hound closely misses you. The hound barely misses you.
You hit the hound. You drain the hound.
You kill the hound!
Dithmenos accepts your kill. The steam dragon breathes steam at you.
The ball of steam misses you.
Unknown command.
The steam dragon breathes steam at you. The ball of steam hits you!!
* * * LOW HITPOINT WARNING * * *
You are engulfed in a cloud of scalding steam.
You die...

# #.#### #####....####
♣.♣ ♣♣.♣♣#.....#.###
♣.. #♣...♣#.........#
♣♣♣ #.#+#.#..##....##
#.# #.#...#...## #.#
#§#.......# ♣
#.#.#§#......##
♣.♣#.#.#§#....#..####
♣....#.#@..#........##
♣.♣#.#.#D#.###.##....#
♣ #.#S#.#.#...#.<...#
#.#D#.#.###.......#
#.#§#.#.# #...#####
#.#§#.#.# ##.##
#♣.§.♣#.# ### ♣♣§♣♣#.#
###


You could see a steam dragon (catching breath).

Vanquished Creatures
  A two-headed ogre (D:7)
  A hornet (D:5)
  4 yaks (D:7)
  3 water moccasins (D:6)
  An ice beast (D:7)
  A necrophage (D:5)
  2 centaurs (D:7)
  A phantom (D:6)
  A kobold brigand (D:7)
  2 scorpions
  A wyvern zombie (D:6)
  A gnoll sergeant (D:7)
  2 wyvern skeletons
  A water moccasin skeleton (D:4)
  A centaur zombie (D:7)
  A bullfrog zombie (D:5)
  A centaur skeleton (D:7)
  6 hounds
  2 orc priests
  2 bullfrog skeletons
  4 iguanas
  4 orc wizards
  Terence (D:3)
  A hound skeleton (D:4)
  A howler monkey zombie (D:3)
  Robin (D:2)
  6 gnolls
  9 adders
  A shadow imp (D:6)
  2 white imps
  2 dart slugs
  20 orcs
  4 ball pythons
  4 bats
  4 endoplasms
  5 giant cockroaches
  15 goblins
  6 hobgoblins
  7 jackals
  7 quokkas
  11 kobolds
  4 rats
154 creatures vanquished.

Notes
Turn   | Place    | Note
-------+----------+-------------------------------------------
     0 | D:1      | Zonian the Spriggan Venom Mage began the quest for the Orb.
     0 | D:1      | Reached XP level 1. HP: 9/9 MP: 5/5
   485 | D:1      | Reached XP level 2. HP: 13/13 MP: 2/7
  1268 | D:2      | Reached XP level 3. HP: 16/16 MP: 5/8
  1844 | D:2      | Found a faded altar of an unknown god.
  1912 | D:2      | Reached XP level 4. HP: 12/21 MP: 10/10
  2264 | D:2      | Noticed Robin
  2310 | D:2      | Killed Robin
  2493 | D:3      | Found a shimmering altar of Xom.
  2496 | D:3      | Found an ancient bone altar of Kikubaaqudgha.
  2498 | D:3      | Found a bloodstained altar of Trog.
  2499 | D:3      | Found a glowing golden altar of the Shining One.
  2504 | D:3      | Found a shadowy altar of Dithmenos.
  2681 | D:3      | Became a worshipper of Dithmenos the Shadowed
  2704 | D:3      | Reached skill level 1 in Short Blades
  2911 | D:3      | Learned a level 2 spell: Poisonous Vapours
  3037 | D:3      | Noticed Terence
  3044 | D:3      | Killed Terence
  3088 | D:3      | You fall into a shaft and drop 2 floors!
  3088 | D:5      | Entered Level 5 of the Dungeon
  3098 | D:5      | Reached skill level 4 in Stealth
  3098 | D:5      | Reached XP level 5. HP: 11/25 MP: 11/11
  3820 | D:4      | Reached skill level 1 in Invocations
  3820 | D:4      | Reached XP level 6. HP: 23/29 MP: 12/12
  3896 | D:4      | Reached * piety under Dithmenos
  4180 | D:4      | Reached skill level 1 in Air Magic
  4398 | D:4      | Reached skill level 1 in Fighting
  4901 | D:5      | Reached XP level 7. HP: 28/33 MP: 14/14
  5069 | D:5      | Reached skill level 1 in Shields
  5113 | D:5      | Identified the +4 trident of Tinuerch {vorpal, rF+}
  5148 | D:5      | Reached skill level 5 in Stealth
  5404 | D:5      | Noticed a hornet
  5414 | D:5      | Killed a hornet
  5947 | D:6      | Found a radiant altar of Vehumet.
  5977 | D:6      | Found a staircase to the Ecumenical Temple.
  5997 | D:6      | Reached XP level 8. HP: 39/39 MP: 14/16
  6732 | D:6      | Reached skill level 5 in Dodging
  7232 | D:6      | Reached skill level 6 in Stealth
  7232 | D:6      | Reached skill level 5 in Spellcasting
  7706 | D:7      | Reached skill level 5 in Transmutations
  7729 | D:7      | Noticed a two-headed ogre
  7746 | D:7      | Reached ** piety under Dithmenos
  7746 | D:7      | HP: 1/39 [two-headed ogre/+0 giant club (26)]
  7747 | D:7      | Reached skill level 5 in Poison Magic
  7748 | D:7      | Killed a two-headed ogre
  7749 | D:7      | Reached XP level 9. HP: 21/43 MP: 16/18
  8227 | D:7      | Reached skill level 7 in Stealth
  8289 | D:7      | Found a stormy altar of Qazlal.
  8494 | D:7      | Found a sparkling altar of Nemelex Xobeh.
  8610 | D:7      | Found an ornate altar of the Wu Jian Council.
  8611 | D:7      | Found an iron altar of Okawaru.
  9092 | D:7      | HP: 2/44 [steam dragon/ball of steam (21)]
  9093 | D:7      | Engulfed by a steam dragon's steam

Illustrated notes

Levels and vault maps discovered:
D:1:      beargit_arrival_diablo_church, layout_loops_ring
D:2:      layout_loops_ring, ebering_ecumenical_altar_webs,
          kennysheep_generic_room_3, uniq_robin
D:3:      layout_rooms, chequers_temple_overflow_minitemple, uniq_terence
D:4:      layout_basic
D:5:      layout_loops_ring
D:6:      layout_gridville, lemuel_doored_altar, temple_green,
          grunt_ministairs_6, kennysheep_opposing_triangles
D:7:      nzn_winding_woodlands_cross [nzn_winding_woodlands_5x15_lazy_stream,
          nzn_winding_woodlands_5x15_sawtooth,
          nzn_winding_woodlands_5x15_longhouse,
          nzn_winding_woodlands_5x15_concentric,
          nzn_winding_woodlands_15x15_boxy_spiral], layout_cave_pools,
          nicolae_qazlal_scattered_showers, lemuel_round_altar,
          gammafunk_temple_overflow_statue, chequers_ossuary_entry_cave

Skill      XL: |  1  2  3  4  5  6  7  8  9 |
---------------+----------------------------+-----
Spellcasting   | 3 4 5 6 |  6.1
Transmutations | 2 3 4 5 6 |  6.1
Dodging        | 3 4 5 6 |  6.3
Short Blades   | 1 2 4 |  4.6
Stealth        | 4 5 6 7 |  7.6
Poison Magic   | 4 5 |  5.6
Invocations    | 1 2 3 4 |  4.0
Air Magic      | 1 2 3 |  3.5
Fighting       | 1 2 3 |  3.2
Shields        | 1 2 |  2.7
Maces & Flails | |  0.2

Action                   |  1- 3 |  4- 6 |  7- 9 || total
-------------------------+-------+-------+-------++-------
Melee: Dagger            |    28 |       |       ||    28
       Whip              |    35 |    45 |       ||    80
       Short sword       |       |    82 |   209 ||   291
 Cast: Sting             |    34 |       |       ||    34
Evoke: Wand              |       |       |    16 ||    16
  Use: Scroll            |       |     9 |     5 ||    14
       Potion            |       |       |     4 ||     4
 Stab: Sleeping          |     4 |    15 |     5 ||    24
       Distracted        |       |     1 |       ||     1
Armor: Robe              |     6 |     6 |     4 ||    16
Dodge: Dodged            |    65 |    73 |   160 ||   298
Block: Buckler           |       |    15 |    72 ||    87

Table legend: (Time is in decaauts)
 A = Elapsed time spent in this place.
 B = Non-inter-level travel time spent in this place.
 C = Inter-level travel time spent in this place.
 D = Time resting spent in this place.
 E = Time spent auto-exploring this place.
 F = Levels seen in this place.
 G = Mean time per level.
                   A        B        C        D        E       F      G
               +--------+--------+--------+--------+--------+-----+--------+
         Total |   7324 |   7182 |    142 |   2721 |   3262 |   7 | 1046.3 |
       Dungeon |   7324 |   7182 |    142 |   2721 |   3262 |   7 | 1046.3 |
               +--------+--------+--------+--------+--------+-----+--------+

Top non-repeatable levels by time:
     D:6: 1678 daAuts
     D:5: 1338 daAuts
     D:2: 975 daAuts
     D:1: 972 daAuts
     D:4: 833 daAuts
     D:3: 787 daAuts
     D:7: 738 daAuts
